 Dungeon Crawl Stone Soup version 0.30-a0-672-gc3a7216ad8 (webtiles) character file.

Game seed: 12687425494072241897

28 wormed the Insei (level 3, -2/23 HPs)
             Began as an Octopode Transmuter on Jan 19, 2023.
             Slain by a gnoll
             ... wielding a +0 spear
              (5 damage)
             ... on level 1 of the Dungeon.
             The game lasted 00:00:47 (523 turns).

wormed the Insei (Octopode Transmuter)               Turns: 523, Time: 00:00:48

Health: -2/23      AC:  1    Str:  9    XL:     3   Next: 12%
Magic:  5/6        EV: 13    Int: 17    God:
Gold:   72         SH:  0    Dex: 12    Spells: 3/6 levels left

rFire   . . .      SeeInvis .      - Unarmed
rCold   . . .      Faith    .    (no shield)
rNeg    . . .      Spirit   .    (helmet currently unavailable)
rPois   .          Reflect  .    (no amulet)
rElec   .          Harm     .    (no ring)
rCorr   .          Rampage  .    (no ring)
Will    .....                    (no ring)
Stlth   ++                       (no ring)
HPRegen 0.23/turn                (no ring)
MPRegen 0.10/turn                (no ring)
                                 (no ring)
                                 (no ring)

@: appendages
A: tentacle spike 3, almost no armour, amphibious, 8 rings, camouflage 1,
gelatinous body 1, (nimble swimmer 1), tentacles
a: End Transformation


You were on level 1 of the Dungeon.
One of your tentacles had grown a beastly spike.
You visited 1 branch of the dungeon, and saw 1 of its levels.

You collected 72 gold pieces.

You aren't carrying anything.


   Skills:
 - Level 1.0 Fighting
 - Level 2.0 Dodging
 - Level 3.0 Unarmed Combat
 + Level 2.3 Spellcasting
 * Level 2.8 Transmutations
 + Level 1.1 Ice Magic


You had 3 spell levels left.
You knew the following spells:

 Your Spells              Type           Power      Damage    Failure   Level
a - Beastly Appendage     Tmut           22%        N/A       6%          1
b - Wereblood             Tmut           11%        N/A       9%          2

Your spell library contained the following spells:

 Spells                   Type           Power      Damage    Failure   Level
 Spider Form              Tmut/Pois      6%         N/A       30%         3
 Ice Form                 Ice/Tmut       8%         N/A       63%         4
 Airstrike                Air            1%         2d(1-17)  88%         4
 Summon Lightning Spire   Summ/Air       2%         N/A       88%         4
 Lightning Bolt           Conj/Air       1%         1d12      99%         5


Dungeon Overview and Level Annotations

Branches:
Dungeon (1/15)

Altars:

Annotations:
D:1 2 runed translucent doors


Innate Abilities, Weirdness & Mutations

One of your tentacles has grown a beastly spike.
You cannot wear most types of armour.
You are amphibious.
You can wear up to eight rings at the same time.
Your skin changes colour to match your surroundings (Stealth+).
Your rubbery body absorbs attacks. (AC +1, EV +1)
((You are camouflaged when in or above water. (Stealth+)))
You have tentacles for arms and can constrict up to eight enemies at once.


Message History

Your primal bloodlust has ended.
The gnoll completely misses you. The gnoll hits you but does no damage.
The gnoll hits you but does no damage. The gnoll hits you but does no damage.
The gnoll hits you but does no damage. The gnoll hits you but does no damage.
The gnoll hits you but does no damage.
The gnoll hits you from afar with a +0 spear.
The gnoll hits you but does no damage. The gnoll hits you but does no damage.
The gnoll hits you from afar with a +0 spear.
The gnoll hits you but does no damage.
The gnoll hits you from afar with a +0 spear.
The gnoll hits you but does no damage. The gnoll hits you but does no damage.
Your transformation is almost over.
The gnoll hits you from afar with a +0 spear.
* * * LOW HITPOINT WARNING * * *
The gnoll hits you but does no damage. The gnoll hits you but does no damage.
The gnoll hits you but does no damage. The gnoll hits you but does no damage.
The gnoll hits you from afar with a +0 spear.
* * * LOW HITPOINT WARNING * * *
The gnoll hits you but does no damage. The gnoll barely misses you.
The gnoll hits you but does no damage. The gnoll hits you but does no damage.
You feel less wooden. The gnoll barely misses you.
A bat comes into view.
The gnoll hits you with a +0 spear.
* * * LOW HITPOINT WARNING * * *
Items here: ( )) †††.
Casting: Wereblood (safe; 9% risk of failure)
Confirm with . or Enter, or press ? or * to list all spells.
One of your tentacles grows a vicious spike.
The gnoll hits you with a +0 spear.
You die...

#.# #.# ####+### #.#
.......# #.# ......#
#.# ....# #.# #..##
#.#
#..g###############.#
#..@...............#
#b##################
#.g.K.....
..#.######. #.##.# #.
..# . ..# . ..# ..
..:#


You could see a gnoll and a bat.

Vanquished Creatures
  A dart slug (D:1)
  2 endoplasms (D:1)
  4 giant cockroaches (D:1)
  5 goblins (D:1)
  3 hobgoblins (D:1)
  2 kobolds (D:1)
  A quokka (D:1)
  2 bats (D:1)
  A frilled lizard (D:1)
21 creatures vanquished.

Notes
Turn   | Place    | Note
-------+----------+-------------------------------------------
     0 | D:1      | wormed the Octopode Transmuter began the quest for the Orb.
     0 | D:1      | Reached XP level 1. HP: 13/13 MP: 3/3
    80 | D:1      | Found a large runed translucent door.
    80 | D:1      | Found a large runed translucent door.
   165 | D:1      | Reached XP level 2. HP: 18/18 MP: 3/5
   168 | D:1      | Learned a level 2 spell: Wereblood
   268 | D:1      | Found a faded altar of an unknown god.
   480 | D:1      | Reached skill level 1 in Ice Magic
   486 | D:1      | Reached XP level 3. HP: 11/23 MP: 3/6
   523 | D:1      | Slain by a gnoll

Illustrated notes

Levels and vault maps discovered:
D:1:      erik_arrival_cave_to_civilisation [erik_arrival_cave_to_temple],
          layout_basic, dreamdust_ecumenical_altar_grove, minmay_ruptured

Skill      XL: |  1  2 |
---------------+-------+-----
Ice Magic      | 1 |  1.1
Fighting       | |  1.0
Dodging        | |  2.0
Unarmed Combat | |  3.0
Spellcasting   | |  2.3
Transmutations | |  2.8

Action                   || total
-------------------------++-------
Melee: Unarmed           ||    36
       Constrict         ||    11
       Kick              ||     9
       Tentacles         ||     8
       Punch             ||     1
 Cast: Beastly Appendage ||    10
       Wereblood         ||     4
  Use: Potion            ||     1
 Stab: Sleeping          ||     2
Armor: Skin              ||    35
Dodge: Dodged            ||    21

Table legend: (Time is in decaauts)
 A = Elapsed time spent in this place.
 B = Non-inter-level travel time spent in this place.
 C = Inter-level travel time spent in this place.
 D = Time resting spent in this place.
 E = Time spent auto-exploring this place.
 F = Levels seen in this place.
 G = Mean time per level.
                   A        B        C        D        E       F      G
               +--------+--------+--------+--------+--------+-----+--------+
         Total |    520 |    520 |      0 |      0 |    377 |   1 |  520.0 |
       Dungeon |    520 |    520 |      0 |      0 |    377 |   1 |  520.0 |
               +--------+--------+--------+--------+--------+-----+--------+

Top non-repeatable levels by time:
     D:1: 520 daAuts
